Map: Whispers of Gold

Players

LiquidMaNa (MaNa)

  • Race: Protoss Protoss
  • League: Grandmaster
  • Spawn Location: 5:00

HeroMarine - Winner!

  • Race: Terran Terran
  • Spawn Location: 9:00

Event: HomeStory Cup XXVI

VOD

Have the link to the VOD?

Description

Time

  • Played on: Nov. 30, 2024, 7:30 a.m.
  • Length: 10:37

All games in this series

Show
View Real Time Build Order
Export as new Build Order

LiquidMaNa Protoss 

Build Orders: 1 Gate Expand, Blink Stalkers 

Get SALT Encoding   

  12  0:00  Probe  
  13  0:12  Probe  
  14  0:18  Pylon  
  14  0:24  Probe  
  15  0:32  Probe  
  15  0:37  Gateway  
  15  0:40  Probe  
  16  0:46  Assimilator  
  17  0:51  Probe  
  18  1:03  Probe  
  19  1:15  Probe  
  20  1:24  Cybernetics Core  
  20  1:34  Nexus  
  20  1:41  Pylon  
  20  1:44  Probe  
  21  1:50  Adept  
  21  1:51  Assimilator  
  21  1:56  Probe  
  24  2:04  Warp Gate  
  24  2:08  Stalker  
  24  2:09  Probe  
  25  2:21  Probe  
  28  2:33  Probe  
  29  2:40  Twilight Council  
  29  2:43  Stalker  
  29  2:44  Probe  
  29  2:45  Probe  
  33  2:57  Probe x2  
  35  3:07  Blink  
  35  3:09  Probe x2  
  37  3:21  Probe x2  
  37  3:33  Probe  
  38  3:37  Probe  
  38  3:39  Robotics Facility  
  37  3:42  Gateway  
  37  3:45  Probe  
  37  3:47  Gateway, Probe  
  38  3:53  Probe  
  38  3:54  Stalker  
  41  3:55  Probe  
  41  4:00  Pylon  
  41  4:01  Probe  
  43  4:03  Probe  
  45  4:12  Pylon  
  45  4:13  Pylon  
  45  4:18  Probe  
  45  4:19  Stalker  
  45  4:21  Probe  
  49  4:26  Observer  
  49  4:30  Probe  
  51  4:36  Stalker  
  53  4:42  Stalker  
  53  4:43  Stalker  
  57  4:50  Warp Prism  
  55  4:54  Probe  
  55  4:57  Probe  
  56  5:02  Nexus  
  57  5:10  Stalker x2  
  57  5:12  Stalker  
  62  5:14  Probe  
  62  5:16  Probe  
  64  5:22  Pylon  
  64  5:25  Pylon  
  64  5:34  Stalker x2  
  68  5:37  Probe x2  
  68  5:41  Pylon  
  70  5:49  Probe  
  71  5:50  Charge  
  71  5:51  Probe  
  71  5:56  Gateway  
  72  6:01  Probe  
  73  6:13  Probe x2  
  73  6:15  Probe  
  73  6:16  Gateway, Observer  
  76  6:20  Gateway  
  76  6:22  Gateway  
  76  6:24  Zealot, Sentry x2  
  76  6:25  Probe x2  
  79  6:26  Gateway  
  79  6:29  Assimilator, Gateway  
  80  6:32  Immortal  
  80  6:35  Probe  
  80  6:37  Probe  
  82  6:42  Shield Battery  
  86  6:50  Pylon x2  
  86  6:51  Probe x2  
  87  6:55  Probe  
  80  7:04  Zealot x4  
  80  7:07  Probe  
  89  7:15  Stalker x2  
  92  7:23  Zealot x3  
  92  7:24  Zealot x3  
  92  7:38  Zealot x3  
  92  7:39  Probe  
  92  7:42  Observer  
  87  7:45  Zealot x4  
  87  7:46  Zealot  
  95  7:57  Forge  
  93  7:59  Observer  
  93  8:00  Robotics Bay  
  93  8:01  Stalker x3  
  99  8:10  Pylon  
  100  8:14  Protoss Ground Weapons Level 1  
  100  8:22  Stalker x3  
  103  8:28  Zealot x6  
  103  8:31  Observer  
  111  8:38  Assimilator  
  111  8:47  Colossus  
  109  8:49  Shield Battery  
  109  8:51  Probe  
  109  8:52  Probe x2  
  109  8:54  Nexus  
  118  9:03  Pylon  
  118  9:08  Pylon  
  118  9:15  Stalker, Zealot x2  
  118  9:16  Zealot  
  125  9:18  Pylon  
  125  9:19  Forge  
  125  9:21  Pylon  
  125  9:27  Probe  
  121  9:34  Zealot x5  
  125  9:41  Zealot  
  125  9:42  Zealot x2  
  125  9:43  Probe  
  128  10:04  Sentry x3  
  134  10:11  Nexus  
Show
View Real Time Build Order
Export as new Build Order

HeroMarine Terran - Winner!

Build Orders: Reaper Expand 

Get SALT Encoding   

  12  0:00  SCV  
  13  0:12  SCV  
  14  0:18  Supply Depot  
  14  0:24  SCV  
  15  0:39  SCV  
  15  0:41  Barracks  
  16  0:45  Refinery  
  16  0:51  SCV  
  17  1:03  SCV  
  18  1:15  SCV  
  19  1:28  Orbital Command, Reaper  
  20  1:49  Command Center  
  20  1:54  Supply Depot, SCV  
  20  1:59  Marine  
  22  2:07  SCV  
  23  2:11  Factory  
  23  2:17  Refinery  
  23  2:19  SCV  
  24  2:24  Barracks Reactor  
  24  2:31  SCV  
  25  2:43  SCV  
  26  2:55  SCV  
  26  3:00  Marine, Hellion  
  26  3:01  Marine  
  26  3:02  Starport  
  30  3:05  Orbital Command  
  30  3:07  SCV  
  31  3:18  Marine x2  
  31  3:19  SCV  
  33  3:22  Widow Mine  
  33  3:31  SCV  
  33  3:32  SCV  
  34  3:36  Marine x2  
  34  3:39  Medivac  
  38  3:43  SCV  
  38  3:44  SCV  
  38  3:47  Widow Mine  
  41  3:52  Supply Depot  
  41  3:54  Marine x2  
  43  3:55  SCV  
  43  3:56  SCV  
  43  4:01  Barracks  
  45  4:12  Starport Tech Lab, Marine, Factory Tech Lab  
  45  4:14  Marine  
  45  4:15  SCV x2  
  45  4:16  Supply Depot  
  49  4:22  Bunker  
  49  4:31  Raven  
  53  4:32  Supply Depot, Siege Tank  
  53  4:37  Marine  
  53  4:38  SCV x2, Marine  
  58  4:50  SCV x2  
  58  4:52  Marine  
  61  4:55  Marine, Barracks  
  61  4:58  Engineering Bay  
  58  5:02  SCV x2  
  58  5:05  Siege Tank  
  63  5:11  Supply Depot  
  63  5:13  Marine x2  
  65  5:14  SCV  
  65  5:15  SCV  
  65  5:20  Refinery  
  65  5:21  Stimpack  
  67  5:25  Terran Infantry Weapons Level 1  
  67  5:26  SCV  
  67  5:27  SCV  
  69  5:30  Marine  
  69  5:33  Marauder  
  69  5:34  Supply Depot  
  72  5:38  SCV  
  72  5:39  SCV  
  72  5:41  Starport Reactor  
  72  5:49  Supply Depot, Factory Reactor  
  72  5:52  SCV x2  
  72  5:54  Marauder x2  
  78  5:57  Refinery  
  78  5:59  Supply Depot  
  78  6:02  Combat Shield  
  77  6:04  SCV  
  77  6:11  Supply Depot  
  79  6:15  Marine  
  79  6:16  Marine, Marauder x2  
  84  6:19  SCV x2  
  86  6:30  Command Center  
  88  6:34  Medivac x2  
  88  6:35  Supply Depot  
  88  6:38  Widow Mine x2  
  94  6:41  Marauder  
  94  6:45  Marauder  
  98  6:51  Marine x2  
  98  7:02  Marauder  
  98  7:06  Marauder  
  102  7:09  Barracks  
  102  7:10  Barracks  
  102  7:11  Widow Mine x2, Medivac  
  102  7:14  Medivac  
  109  7:17  SCV x2  
  109  7:20  Supply Depot  
  111  7:24  Marauder  
  111  7:27  Marauder  
  111  7:29  SCV x2  
  112  7:41  SCV x2  
  97  7:45  Orbital Command, Marauder, Widow Mine x2, Medivac  
  97  7:47  Marine x2  
  97  7:49  Marauder  
  97  7:50  Terran Infantry Armor Level 1  
  108  7:57  Missile Turret, Medivac  
  110  8:05  Barracks Tech Lab, Marine x2, Barracks Reactor  
  112  8:06  SCV x2, Marauder  
  112  8:08  Engineering Bay  
  112  8:09  Widow Mine x2, Armory  
  120  8:18  Orbital Command, SCV x2  
  120  8:19  Marauder  
  122  8:22  Marine  
  122  8:23  Marine  
  122  8:28  Concussive Shells, Marauder  
  122  8:31  Widow Mine x2  
  122  8:32  SCV x2  
  130  8:39  Supply Depot x2  
  130  8:42  Refinery, Marauder  
  130  8:43  Marauder  
  130  8:47  Marine  
  130  8:48  Marine, Refinery  
  136  8:49  Marauder  
  136  8:56  Sensor Tower  
  136  9:02  Marine x2  
  138  9:03  Marine x2, Ghost Academy  
  138  9:05  Marine  
  138  9:06  Marine  
  138  9:07  Supply Depot  
  138  9:09  Medivac  
  144  9:10  Marine, Medivac  
  147  9:17  Supply Depot  
  147  9:22  Marauder x2  
  151  9:26  Marine x2  
  151  9:28  Marauder  
  151  9:30  Widow Mine x2  
  151  9:31  Marine x2  
  159  9:43  Marauder  
  159  9:44  Marine x2  
  153  9:46  Medivac x2  
  153  9:48  Marine  
  153  9:51  Widow Mine x2  
  156  10:01  Marine x3  
  156  10:02  Marine x2, Command Center  
  158  10:09  Marine x2  
  158  10:13  Missile Turret  
  160  10:15  Supply Depot  
Tags
 
Add a new tag
Caveats
  • Supply blocks, unpowered buildings, or Contaminate may cause inaccurate times.
  • Supply counts are checked every 10 seconds.